cohdb
Replays
Latest Replays
All Replays
Popular Replays
Top Player Replays
Match Explorer
How It Works
Community
CoH3 Stats
Reddit
Sign in to upload your games and track your stats! →
Sign in with Steam
Match 39740849
Unlisted
Match 39740849
Overview
Messages
Build Orders
End
Pioneer Squad
Construct Infanterie Kompanie
Grenadier Squad
Selects Terror Battlegroup
Grenadier Squad
Grenadier Squad
Selects Machine Gun Camouflage
MG 42 Machine Gun Team
Infanterie Officer Quarters
Construct Luftwaffe Kompanie
Jäger Squad
Selects Contempt for the Weak
Support Elements
Jäger Squad
Wirbelwind Flakpanzer
Selects Jericho Trumpet
Jäger Squad
Jäger Squad
Selects Defend the Fatherland
Marder III M Tank Destroyer
Wirbelwind Flakpanzer
Jericho Trumpet
Luftwaffe Officer Quarters
Pioneer Squad
Medical Bunker
Selects King Tiger Heavy Tank
Defend the Fatherland
King Tiger Heavy Tank
MadMax
The Major General
0
0
Comments
sign in to comment!
No comments posted yet!